 Dungeon Crawl Stone Soup version 0.22.0-18-ge075c0de6d (webtiles) character file.

1758 Madzag the Covered (level 8, -2/69 HPs)
             Began as a Demonspawn Abyssal Knight on Aug 18, 2018.
             Was an Elder of Lugonu.
             Killed by divine providence
             ... invoked by an orc priest
              (17 damage)
             ... on level 7 of the Dungeon on Aug 19, 2018.
             The game lasted 00:31:09 (7129 turns).

Madzag the Covered (Demonspawn Abyssal Knight)      Turns: 7129, Time: 00:31:10

Health: -2/69      AC: 25    Str: 17    XL:     8   Next: 79%
Magic:  12/12      EV:  3    Int: 14    God:    Lugonu [****..]
Gold:   392        SH:  7    Dex: 13    Spells: 6/9 levels left

rFire    + . .     SeeInvis .   x - +0 war axe (elec)
rCold    + . .     Gourm    .   F - +0 shield
rNeg     . . .     Faith    .   k - +0 plate armour
rPois    .         Spirit   .   v - +2 helmet
rElec    .         Reflect  .   A - +0 cloak
rCorr    .         Harm     .   (no gloves)
MR       .....                  (no boots)
Stlth    ..........             (no amulet)
HPRegen  0.21/turn              D - +3 ring of strength
MPRegen  0.13/turn              i - +2 ring of protection

@: sanguine armour
A: cold resistance 1, demonic guardian 1, fire resistance 1, robust 1, freezing
cloud immunity, sanguine armour 1
a: Depart the Abyss, Bend Space, Banish, Corrupt, Renounce Religion


You were on level 7 of the Dungeon.
You worshipped Lugonu.
Lugonu was greatly pleased with you.
You were not hungry.

You visited 1 branch of the dungeon, and saw 7 of its levels.
You visited the Abyss 1 time.

You collected 392 gold pieces.

Inventory:

Hand Weapons
 a - a +1 falchion
 x - a +0 war axe of electrocution (weapon)
 y - a +4 quarterstaff of chaos
Missiles
 w - 13 tomahawks (quivered)
 B - 2 javelins
Armour
 k - a +0 plate armour (worn)
 v - a +2 helmet (worn)
 A - a +0 cloak (worn)
 F - a +0 shield (worn)
Jewellery
 b - an uncursed ring of fire
 f - an uncursed ring of protection from cold
 i - a +2 ring of protection (right hand)
 D - a +3 ring of strength (left hand)
Wands
 E - a wand of digging (20)
Scrolls
 e - a scroll of teleportation
 g - 7 scrolls of remove curse
 h - a scroll of noise {unknown}
 j - a scroll of amnesia {unknown}
 l - a scroll of magic mapping {unknown}
 p - 4 scrolls of enchant weapon {unknown}
 G - a scroll of blinking {unknown}
Potions
 d - a potion of berserk rage
 m - 3 potions of curing
 n - a potion of haste
 o - a potion of lignification
 q - a potion of resistance
 r - 2 potions of brilliance
 s - a potion of invisibility
 u - 2 potions of flight
 z - a potion of might
Comestibles
 c - 9 rations
 t - 11 chunks of flesh


   Skills:
 * Level 5.5 Fighting
 + Level 4.2 Long Blades
 + Level 3.1 Axes
 * Level 6.7 Armour
 + Level 1.6 Dodging
 + Level 1.5 Stealth
 + Level 0.1 Shields
 + Level 1.0 Spellcasting
 * Level 5.4 Invocations


You had 6 spell levels left.
You knew the following spells:

 Your Spells              Type           Power        Failure   Level  Hunger
a - Animate Skeleton      Necr           N/A          100%        1    ##.....
b - Confusing Touch       Hex            #.....       100%        1    ##.....
c - Summon Small Mammal   Summ           #...         100%        1    ##.....

Your spell library contained the following spells:

 Spells                   Type           Power        Failure   Level  Hunger
 Apportation              Tloc           #.....       100%        1    ##.....
 Pain                     Necr           #...         100%        1    ##.....


Dungeon Overview and Level Annotations

Branches:
Dungeon (7/15)             Temple (0/1) D:4

Altars:
Cheibriados
Dithmenos
Fedhas
Nemelex Xobeh
Qazlal
Sif Muna
Uskayaw
Yredelemnul
Zin
The Shining One


Innate Abilities, Weirdness & Mutations

Your flesh is cold resistant. (rC+)
A weak demonic guardian rushes to your aid.
You are immune to freezing clouds.
When seriously injured, your bleeding wounds create armour. (AC +6)
Your flesh is heat resistant. (rF+)
You are robust. (+10% HP)


Message History

The orc priest shouts!
The orc priest invokes the aid of Beogh against you.
Beogh smites you!
You are too injured to fight recklessly!
You are too injured to fight recklessly!
You hit the orc priest.
Lightning courses through the orc priest!
The orc priest is almost dead.
The orc priest invokes the aid of Beogh against you.
Beogh smites you!
* * * LOW HITPOINT WARNING * * *
You barely miss the orc priest.
The orc priest is almost dead.
The orc priest casts a cantrip, but nothing happens.
The orc priest hits you but does no damage.
You barely miss the orc priest.
The orc priest is almost dead.
The orc priest mumbles some strange prayers to Beogh against you.
Beogh smites you!
You die...

.# ..# # #########...#.
..#......... #.#...# ..#
# # # #.#...##..##.#
#..#.###............#
#..._............##.
..##.#.).....@...##
#..........o......#
.......##(......##### .
#.##.#.##.......# #.# ..
. .........((...# #.# ..
.##....#....##.###.###.#
#
#....#...............###
##.#.
#........#.#.###)...<...
.....
.............)..)####<##


You could see an orc priest.

Vanquished Creatures
  A sky beast (D:6)
  2 ogres (D:6)
  A centaur (D:5)
  A water moccasin zombie (D:6)
  A howler monkey (D:4)
  2 crimson imps
  A jelly (D:7)
  2 hounds
  7 orc wizards
  A bullfrog skeleton (D:6)
  Crazy Yiuf (D:4)
  An iguana (D:4)
  2 worker ants
  A worker ant zombie (D:5)
  Robin (D:2)
  2 gnolls (D:2)
  8 adders
  An adder skeleton (D:4)
  4 worms
  3 leopard geckos
  16 orcs
  3 giant cockroaches
  8 hobgoblins
  7 jackals
  3 kobolds
  3 quokkas
  7 bats
  12 frilled lizards
  16 goblins
  A leopard gecko skeleton (D:4)
  13 rats
  A bush (D:1)
133 creatures vanquished.

Vanquished Creatures (collateral kills)
  The ghost of Flugkiller the Cudgeler, a novice TeCK of Xom (D:5)
  Grinder (D:3)
  An ogre (D:4)
  2 centaurs
  2 bullfrogs (D:6)
  A crimson imp (D:7)
  3 orc wizards (D:4)
  An iguana (D:4)
  A gnoll (D:2)
  2 adders
  A leopard gecko (D:2)
  3 orcs
  A bat (D:2)
  A giant cockroach (D:2)
21 creatures vanquished.

Grand Total: 154 creatures vanquished

Notes
Turn   | Place    | Note
-------+----------+-------------------------------------------
     0 | Abyss:1  | Madzag the Demonspawn Abyssal Knight began the quest for the Orb.
     0 | Abyss:1  | Reached XP level 1. HP: 18/18 MP: 2/2
    16 | D:1      | Escaped the Abyss
    87 | D:1      | Reached skill level 2 in Armour
   118 | D:1      | Gained mutation: Your flesh is cold resistant. (rC+) [demonic ancestry]
   118 | D:1      | Reached XP level 2. HP: 4/24 MP: 3/3
   550 | D:1      | Reached ** piety under Lugonu
  1347 | D:2      | Gained mutation: When seriously injured, your bleeding wounds create armour. (AC +6) [demonic ancestry]
  1347 | D:2      | Reached XP level 3. HP: 26/29 MP: 4/4
  1364 | D:2      | Found a basalt altar of Yredelemnul.
  1402 | D:2      | Reached skill level 1 in Dodging
  1594 | D:2      | Noticed Robin
  1618 | D:2      | Gained mutation: A weak demonic guardian rushes to your aid. [demonic ancestry]
  1618 | D:2      | Reached XP level 4. HP: 15/37 MP: 5/5
  1634 | D:2      | Killed Robin
  1984 | D:2      | Reached *** piety under Lugonu
  2022 | D:2      | Found a hide-covered altar of Uskayaw.
  2170 | D:2      | Found a glowing silver altar of Zin.
  2171 | D:2      | Found a deep blue altar of Sif Muna.
  2384 | D:2      | Gained mutation: Your flesh is heat resistant. (rF+) [potion of mutation]
  2384 | D:2      | Gained mutation: You are robust. (+10% HP) [potion of mutation]
  2517 | D:2      | Found a stormy altar of Qazlal.
  2665 | D:3      | Reached XP level 5. HP: 44/46 MP: 7/7
  2680 | D:3      | Reached skill level 3 in Armour
  3163 | D:3      | Noticed Grinder
  3166 | D:3      | Paralysed by Grinder for 6 turns
  3179 | D:3      | Killed Grinder
  3179 | D:3      | Gained mutation: You are immune to freezing clouds. [demonic ancestry]
  3179 | D:3      | Reached XP level 6. HP: 22/52 MP: 8/8
  3723 | D:4      | Learned a level 1 spell: Animate Skeleton
  3725 | D:4      | Learned a level 1 spell: Confusing Touch
  3727 | D:4      | Learned a level 1 spell: Summon Small Mammal
  3756 | D:4      | Reached **** piety under Lugonu
  3845 | D:4      | Reached skill level 4 in Armour
  3885 | D:4      | Reached XP level 7. HP: 10/60 MP: 7/9
  4085 | D:4      | Found a snail-covered altar of Cheibriados.
  4181 | D:4      | Found a deep blue altar of Sif Muna.
  4228 | D:4      | Reached skill level 1 in Stealth
  4230 | D:4      | Identified Sif Muna's Disquisition on Dark Magic
  4522 | D:4      | Found a runed door.
  4526 | D:4      | Noticed Crazy Yiuf
  4531 | D:4      | Killed Crazy Yiuf
  4691 | D:4      | Found a staircase to the Ecumenical Temple.
  4939 | D:5      | Entered Level 5 of the Dungeon
  4963 | D:5      | Found a large runed door.
  4964 | D:5      | Found a large runed door.
  4967 | D:5      | Noticed Flugkiller's ghost (novice TeCK)
  5014 | D:5      | Reached skill level 1 in Axes
  5256 | D:5      | Found a glowing golden altar of the Shining One.
  5822 | D:5      | Killed Flugkiller's ghost
  5822 | D:5      | Reached skill level 5 in Armour
  5822 | D:5      | Reached skill level 1 in Spellcasting
  5822 | D:5      | Reached skill level 5 in Invocations
  5822 | D:5      | Reached XP level 8. HP: 31/67 MP: 11/11
  5997 | D:6      | Reached skill level 5 in Fighting
  6313 | D:6      | Reached skill level 6 in Armour
  6388 | D:6      | Found a blossoming altar of Fedhas.
  7010 | D:7      | Found a sparkling altar of Nemelex Xobeh.
  7079 | D:7      | Found a shadowy altar of Dithmenos.
  7129 | D:7      | Killed from afar by an orc priest

Skill      XL: |  1  2  3  4  5  6  7  8 |
---------------+-------------------------+-----
Armour         | 2 3 4 5 6 |  6.7
Long Blades    | 2 3 4 |  4.2
Dodging        | 1 |  1.6
Fighting       | 4 5 |  5.5
Invocations    | 3 5 |  5.4
Stealth        | 1 |  1.5
Axes           | 2 3 |  3.1
Spellcasting   | 1 |  1.0
Shields        | |  0.1

Action                   |  1- 3 |  4- 6 |  7- 9 || total
-------------------------+-------+-------+-------++-------
Melee: Falchion          |   286 |   222 |       ||   508
       War axe           |       |    30 |   159 ||   189
Throw: Tomahawk          |       |       |     3 ||     3
Invok: Bend Space        |       |     4 |     6 ||    10
  Use: Scroll            |     3 |     4 |     5 ||    12
       Potion            |     1 |     3 |       ||     4
 Stab: Distracted        |       |     2 |     1 ||     3
  Eat: Chunk             |     3 |     8 |    10 ||    21
Armor: Leather armour    |    38 |    50 |       ||    88
       Plate armour      |       |   153 |   126 ||   279
       Ring mail         |       |    14 |       ||    14
Dodge: Dodged            |   104 |   102 |    41 ||   247
Block: Shield            |       |       |    27 ||    27
       Rpst.: Falchion   |    39 |    27 |       ||    66
